 Dungeon Crawl Stone Soup version 0.31.0-7-gf635a9b802 (webtiles) character file.

Game seed: 1683392719931154721

180 inmateoo the Shield-Bearer (level 5, -1/47 HPs)
             Began as a Minotaur Fighter on Jan 23, 2024.
             Killed from afar by an orc wizard (7 damage)
             ... with a puff of flame
             ... on level 3 of the Dungeon.
             The game lasted 00:01:29 (1774 turns).

inmateoo the Shield-Bearer (Minotaur Fighter)       Turns: 1774, Time: 00:01:30

Health: -1/47      AC:  8    Str: 21    XL:     5   Next: 33%
Magic:  4/4        EV: 10    Int:  5    God:
Gold:   216        SH:  5    Dex: 11    Spells: 4/4 levels left

rFire   . . .        h - +0 hand axe (freeze)
rCold   . . .        c - +0 buckler
rNeg    . . .        b - +0 scale mail
rPois   .            (helmet restricted)
rElec   .            (no cloak)
rCorr   .            (no gloves)
SInv    .            k - +0 pair of boots
Will    .....        (no amulet) Stlth
                     (no ring)
HPRegen 0.27/turn    (no ring)
MPRegen 0.09/turn

%: no passive effects
@: no status effects
A: horns 2, retaliatory headbutt
a: no special abilities


You were on level 3 of the Dungeon.
You visited 1 branch of the dungeon, and saw 4 of its levels.

You collected 216 gold pieces.

Inventory:

Hand Weapons
 h - a +0 hand axe of freezing (weapon)
Armour
 b - a +0 scale mail (worn)
 c - a +0 buckler (worn)
 k - a +0 pair of boots (worn)
Jewellery
 f - a ring of fire
 m - a ring of resist corrosion
Scrolls
 g - 3 scrolls of identify
 i - a scroll of summoning {unknown}
 j - a scroll of blinking {unknown}
 l - a scroll of teleportation {unknown}
 n - a scroll of fog {unknown}
Potions
 a - a potion of enlightenment
 d - a potion of might


   Skills:
 + Level 4.4 Fighting
 * Level 4.3 Axes
 + Level 4.4 Armour
 + Level 1.7 Dodging
 + Level 4.5 Shields


You had 4 spell levels left.
You didn't know any spells.
Your spell library contained the following spells:

 Spells                   Type           Power      Damage    Failure   Level
 Sandblast                Erth           0%         2d4       86%         1
 Passwall                 Erth           0%         N/A       99%         3
 Stone Arrow              Conj/Erth      0%         3d7       99%         3
 Brom's Barrelling Bould  Conj/Erth      0%         2d3       100%        4


Dungeon Overview and Level Annotations

Branches:
Dungeon (4/15)
 Temple: D:4-7

Altars:


Innate Abilities, Weirdness & Mutations

You have a pair of horns on your head.
You reflexively headbutt those who attack you in melee.


Message History

A magic dart appears from out of thin air!
The magic dart hits you.
* * * LOW HITPOINT WARNING * * *
You miss something. You block something's attack.
You barely miss something.
You hear some strange, mumbled words.
You are confused.
Something hits you but does no damage. Something hits you but does no damage.
You miss something. Something hits you but does no damage.
You feel less confused.
You hear some strange, mumbled words.
You are confused.
Something hits you but does no damage. Something hits you but does no damage.
You hear some strange, mumbled words.
You are more confused.
Something hits you.
* * * LOW HITPOINT WARNING * * *
You barely miss something. Your headbutt misses something.
Something hits you but does no damage.
You hear some strange, mumbled words.
A magic dart appears from out of thin air!
The magic dart hits you!
* * * LOW HITPOINT WARNING * * *
You feel better. Something hits you but does no damage.
You miss something. Your headbutt misses something.
Something hits you but does no damage.
You barely miss something. Something hits you but does no damage.
You miss something. Something hits you.
* * * LOW HITPOINT WARNING * * *
You closely miss something. Your headbutt misses something.
Something hits you but does no damage.
You barely miss something. Something hits you.
* * * LOW HITPOINT WARNING * * *
You miss something. Your headbutt misses something.
You hear some strange, mumbled words.
A puff of flame appears from out of thin air!
The puff of flame hits you!
You die...

##### ######...# #........#
#........# #### #..@#)...# ...#
##.{#>#...#
.#.##########....#.)..#
.#...##.............[.#
####....######........#
.#...##.# #########.#.# #####
.#.####.###.....###...######...#
............###......###.......#
...##.......# #..........###...#


There were no monsters in sight!

Vanquished Creatures
  An orc priest (D:3)
  Robin (D:3)
  2 gnolls
  5 adders
  2 dart slugs
  5 orcs
  5 bats
  7 endoplasms
  3 giant cockroaches
  11 goblins
  9 hobgoblins
  5 kobolds
  A quokka (D:2)
  3 ball pythons
  2 frilled lizards
  2 rats
64 creatures vanquished.

Notes
Turn   | Place    | Note
-------+----------+-------------------------------------------
     0 | D:1      | inmateoo the Minotaur Fighter began the quest for the Orb.
     0 | D:1      | Reached XP level 1. HP: 19/19 MP: 0/0
   101 | D:1      | Reached XP level 2. HP: 27/27 MP: 1/1
   219 | D:1      | Reached XP level 3. HP: 21/33 MP: 2/2
   499 | D:2      | Reached skill level 1 in Dodging
   624 | D:2      | Reached XP level 4. HP: 39/40 MP: 3/3
  1151 | D:3      | Noticed Robin
  1160 | D:3      | Killed Robin
  1382 | D:3      | Found a faded altar of an unknown god.
  1472 | D:3      | Reached XP level 5. HP: 32/47 MP: 4/4
  1767 | D:3      | HP: 1/47 [something/magic dart (7)]
  1774 | D:3      | Killed from afar by an orc wizard

Illustrated notes

Levels and vault maps discovered:
D:1:      dpeg_arrival_round_c, layout_rooms, dreamdust_princess_bridge,
          chequers_decorated_corner, dreamdust_wishing_well,
          roderic_roman_lattice
D:2:      layout_loops_ring
D:3:      layout_loops_ring, ebering_ecumenical_altar_ruins, st_stairs_14,
          uniq_robin
D:4:      layout_layer_cave, lemuel_tele_altar

Skill      XL: |  1  2  3  4 |
---------------+-------------+-----
Axes           | 3 4 |  4.3
Armour         | 4 |  4.4
Shields        | 4 |  4.5
Dodging        | 1 |  1.7
Fighting       | 4 |  4.4

Action                     |  1- 3 |  4- 6 || total
---------------------------+-------+-------++-------
  Melee: War axe           |    38 |       ||    38
         Headbutt          |     7 |    11 ||    18
         Hand axe          |    24 |   102 ||   126
    Use: Scroll            |     3 |       ||     3
         Potion            |       |     2 ||     2
 Armour: Scale mail        |    40 |    76 ||   116
  Dodge: Dodged            |    28 |    39 ||    67
  Block: Buckler           |    14 |    16 ||    30
